 Dungeon Crawl Stone Soup version 0.20-a0-441-g89e74e4 (webtiles) character file.

73 AlphabetPasta the Charmwright (level 4, -7/37 HPs)
             Began as a Ghoul Skald on Jan 6, 2017.
             Was a Follower of Makhleb.
             Mangled by Ijyb
             ... wielding a +8 club
              (8 damage)
             ... on level 2 of the Dungeon.
             The game lasted 00:04:52 (970 turns).

AlphabetPasta the Charmwright (Ghoul Skald)          Turns: 970, Time: 00:04:54

Health: -7/37      AC:  3    Str: 14    XL:     4   Next: 27%
Magic:  2/6        EV: 11    Int:  9    God:    Makhleb [*.....]
Gold:   9          SH:  0    Dex:  8    Spells: 2/7 levels left

rFire  . . .     SeeInvis .     a - +0 hand axe
rCold  + . .     Gourm    .     b - +0 leather armour
rNeg   + + +     Faith    .     (no shield)
rPois  ∞         Spirit   .     (no helmet)
rElec  .         Reflect  .     (no cloak)
rCorr  .         Harm     .     (no gloves)
MR     .....                    (no boots)
Stlth  +.........               (no amulet)
                                (no ring)
                                (no ring)

@: infused (expiring), rotting, slowed, very slow
A: rotting body, claws 1, carnivore 3, cold resistance 1, negative energy
resistance 3, slow regeneration 1, torment resistance, unbreathing
a: Renounce Religion


You were on level 2 of the Dungeon.
You worshipped Makhleb.
Makhleb was aware of your devotion.
You were not hungry.

You visited 1 branch of the dungeon, and saw 2 of its levels.

You collected 9 gold pieces.

Inventory:

Hand Weapons
 a - a +0 hand axe (weapon)
Armour
 b - a +0 leather armour (worn)
Potions
 f - a potion of heal wounds {unknown}
Books
 c - a book of Battle

   Spells                             Type                      Level
   a - Infusion                       Charms                       1
   b - Shroud of Golubria             Charms/Translocation         2
   c - Song of Slaying                Charms                       2
   d - Spectral Weapon                Hexes/Charms                 3
   e - Regeneration                   Charms/Necromancy            3
Comestibles
 d - a meat ration
 g - 2 chunks of flesh


   Skills:
 + Level 2.6 Fighting
 * Level 2.5 Axes
 + Level 1.7 Armour
 + Level 2.0 Dodging
 + Level 2.2 Spellcasting
 * Level 2.9 Charms


You had 2 spell levels left.
You knew the following spells:

 Your Spells              Type           Power        Failure   Level  Hunger
a - Infusion              Chrm           #...         12%         1    ##.....
b - Song of Slaying       Chrm           #.......     17%         2    ###....
c - Shroud of Golubria    Chrm/Tloc      #.........   34%         2    ###....


Dungeon Overview and Level Annotations

Branches:
Dungeon (2/15)

Altars:
Makhleb

Annotations:
D:2 Ijyb


Innate Abilities, Weirdness & Mutations

Your body is rotting away.
You thrive on raw meat.
You are immune to poison.
You have sharp fingernails.
You are carnivorous and can eat meat at any time.
Your flesh is cold resistant. (rC+)
You are immune to negative energy. (rN+++)
You regenerate slowly when monsters are visible.
You are immune to unholy pain and torment.
You can survive without breathing.


Message History

Natasha barely misses you.
Ijyb screams, "Get away!"
Ijyb barely misses you.
You hit Natasha.
You kill Natasha!
Makhleb accepts your kill.
Natasha screams in fury as she dies!
The crimson imp disappears in a puff of smoke!
Your Dodging skill increases to level 2!
You have reached level 4!
You closely miss Ijyb. Ijyb hits you with an enchanted club.
* * * LOW HITPOINT WARNING * * *
It was a potion of cure mutation.
It has a very clean taste.
The frilled lizard bites you.
* * * LOW HITPOINT WARNING * * *
Ijyb hits you with an enchanted club.
* * * LOW HITPOINT WARNING * * *
The kobold barely misses you. The frilled lizard barely misses you.
Ijyb hits you with an enchanted club!
You die...

....##.. .# .....#.. #.
( #. ....#.. #.####+#.
#.. ....... #........
#.#+####... #.......#
#.#.#...... #.......#
#.#.#.###.. #....$..#
#.#.#......
#(...K@######.#....##..
#....gl#.[.............
#..........♣...#.......
#..$......♣.♣..........
#........♣._.♣.........
#.........♣.♣...###.###
............♣..........
....#####.......#####...
.... ###....... .##


You could see Ijyb, a kobold and a frilled lizard.

Vanquished Creatures
  Natasha (D:2)
  An adder (D:2)
  3 oozes (D:1)
  A dart slug (D:1)
  A ball python (D:1)
  A giant cockroach (D:2)
  2 goblins
  4 hobgoblins (D:1)
  6 bats
  2 frilled lizards (D:1)
  6 kobolds
  A rat (D:2)
29 creatures vanquished.

Notes
Turn   | Place    | Note
-------+----------+-------------------------------------------
     0 | D:1      | AlphabetPasta the Ghoul Skald began the quest for the Orb.
     0 | D:1      | Reached XP level 1. HP: 17/17 MP: 2/2
   306 | D:1      | Reached skill level 1 in Armour
   323 | D:1      | Reached XP level 2. HP: 18/24 MP: 1/3
   332 | D:1      | Learned a level 2 spell: Song of Slaying
   554 | D:1      | Reached XP level 3. HP: 23/30 MP: 3/5
   947 | D:2      | Learned a level 2 spell: Shroud of Golubria
   949 | D:2      | Found a faded altar of an unknown god.
   957 | D:2      | Became a worshipper of Makhleb the Destroyer
   957 | D:2      | Reached * piety under Makhleb
   961 | D:2      | Noticed Natasha
   963 | D:2      | Noticed Ijyb
   969 | D:2      | Killed Natasha
   969 | D:2      | Reached XP level 4. HP: 10/37 MP: 1/6
   970 | D:2      | HP: 1/37 [Ijyb/enchanted club (6)]
   970 | D:2      | Mangled by Ijyb

Vault maps used:
D:1:      lemuel_arrival_room
D:2:      first_bread, chequers_ecumenical_altar_simple_redux, uniq_iyjb,
          uniq_natasha

Skill      XL: |  1  2  3 |
---------------+----------+-----
Axes           | 2 |  2.5
Armour         | 1 |  1.7
Spellcasting   | 2 |  2.2
Dodging        | 2 |  2.0
Fighting       | |  2.6
Charms         | |  2.9

Action                   |  1- 3 |  4- 6 || total
-------------------------+-------+-------++-------
Melee: Hand axe          |   111 |       ||   111
 Cast: Infusion          |     7 |       ||     7
  Use: Scroll            |     2 |       ||     2
       Potion            |       |     1 ||     1
  Eat: Chunk             |    19 |       ||    19
Armor: Leather armour    |    33 |       ||    33
Dodge: Dodged            |    71 |     2 ||    73
